 Dungeon Crawl Stone Soup version 0.23-a0-629-gae4348f6cf (webtiles) character file.

217 Multipenetrator the Shield-Bearer (level 6, -2/48 HPs)
             Began as a Formicid Fighter on Dec 25, 2018.
             Slain by an orc
             ... wielding a +0 trident
              (4 damage)
             ... on level 5 of the Dungeon.
             The game lasted 00:05:34 (2153 turns).

Multipenetrator the Shield-Bearer (FoFi)            Turns: 2153, Time: 00:05:35

Health: -2/48      AC:  6    Str: 22    XL:     6   Next: 16%
Magic:  6/6        EV:  8    Int:  8    God:
Gold:   105        SH: 10    Dex: 10    Spells: 5/5 levels left

rFire    . . .     SeeInvis +   a - +0 war axe
rCold    . . .     Gourm    .   c - +0 shield
rNeg     . . .     Faith    .   b - +0 scale mail
rPois    .         Spirit   .   (helmet unavailable)
rElec    .         Reflect  .   (no cloak)
rCorr    .         Harm     .   (no gloves)
MR       .....                  (no boots)
Stlth    ..........             (no amulet)
HPRegen  0.16/turn              (no ring)
MPRegen  0.10/turn              (no ring)

@: no status effects
A: permanent stasis, dig shafts and tunnels, four strong arms, antennae 3
a: Dig, Shaft Self


You were on level 5 of the Dungeon.
You were hungry.

You visited 1 branch of the dungeon, and saw 5 of its levels.

You collected 105 gold pieces.

Inventory:

Hand Weapons
 a - a +0 war axe (weapon)
Armour
 b - a +0 scale mail (worn)
 c - a +0 shield (worn)
 t - a +0 plate armour
Wands
 s - a wand of acid (10)
Scrolls
 e - 5 scrolls of teleportation
 g - 2 scrolls of magic mapping
 h - 4 scrolls of identify
 k - 2 scrolls of remove curse {unknown}
 m - a scroll of blinking {unknown}
 o - a scroll of enchant armour {unknown}
 p - a scroll of fear {unknown}
 u - a scroll of enchant weapon {unknown}
Potions
 j - a potion of berserk rage {unknown}
 n - a potion of haste {unknown}
 q - a potion of degeneration {unknown}
 r - a potion of cancellation
 v - a potion of flight {unknown}
Comestibles
 f - 6 rations
 l - 8 chunks of flesh


   Skills:
 + Level 4.1 Fighting
 + Level 4.2 Axes
 - Level 3.2 Armour
 * Level 5.5 Shields


You had 5 spell levels left.
You didn't know any spells.
Your spell library was empty.

Dungeon Overview and Level Annotations

Branches:
Dungeon (4/15)
 Temple: D:4-7

Altars:
Elyvilon
Qazlal


Innate Abilities, Weirdness & Mutations

You cannot be hasted, slowed, berserked, paralysed or teleported.
You can dig through walls and to a lower floor.
Your four strong arms can wield two-handed weapons with a shield.
You have a pair of large antennae on your head. (SInv)


Message History

The orc wizard points at you and mumbles some strange words.
You resist with some effort.
You feel better.
The orc wizard mumbles some strange words.
The orc wizard blinks!
The orc hits you with a cursed -1 short sword.
* * * LOW HITPOINT WARNING * * *
The orc closely misses you.
Unknown command.
It was a potion of cancellation.
Your magical effects are unravelling.
You feel magically purged.
You feel a little less mighty now. You block the orc's attack.
The orc barely misses you.
You barely miss the orc. You slash the orc!
You kill the orc!
The orc hits you with a cursed -1 short sword.
* * * LOW HITPOINT WARNING * * *
The orc hits you from afar with a +0 trident.
You die...

#........,,,,,*,,*,,,,,,,,*
**#.#######**+***,..*.#****,*
,,#.###...,,,,* *#.##.# *,*
*,#...#.#****** *.....# *,*
*,#.##..# *.<.#.# *,*
,...###.#########.....# *,*
..### #.##......o.....# *,*
##* #.........§o....# *,* *
####.##..>a)....# *,* *
#.##.###o#...#****,***** *
#.##.#,,.#,,...,,,,,,,,* *
#.##.#*,.#,,,,.,,,,,,,,* *
#.....,,..*,********,*** *
#..#.#*,..*,* ***,*** *
#..#.#*,..#,*** *,,,,,* *
*,,#.,,,...,,,* *,*,,,* *
*,,*,***,,***,* *,,,,,≈


You could see an orc wizard and 2 orcs.

Vanquished Creatures
  An orc wizard (D:5)
  A worker ant (D:5)
  6 adders
  A shadow imp (D:5)
  4 worms
  3 dart slugs
  3 leopard geckos
  5 orcs
  A ball python (D:1)
  2 giant cockroaches (D:2)
  12 goblins
  15 hobgoblins
  3 jackals (D:3)
  2 quokkas
  6 bats
  4 frilled lizards
  5 kobolds (D:1)
  A leopard gecko skeleton (D:4)
  8 rats
83 creatures vanquished.

Notes
Turn   | Place    | Note
-------+----------+-------------------------------------------
     0 | D:1      | Multipenetrator the Formicid Fighter began the quest for
                  | the Orb.
     0 | D:1      | Reached XP level 1. HP: 18/18 MP: 1/1
    76 | D:1      | Reached skill level 4 in Shields
    76 | D:1      | Reached XP level 2. HP: 23/24 MP: 2/2
   371 | D:1      | Reached XP level 3. HP: 25/30 MP: 3/3
   886 | D:2      | Reached XP level 4. HP: 29/37 MP: 4/4
  1329 | D:3      | Reached skill level 5 in Shields
  1329 | D:3      | Reached XP level 5. HP: 40/42 MP: 5/5
  2027 | D:4      | You fall through a shaft!
  2027 | D:5      | Entered Level 5 of the Dungeon
  2085 | D:5      | Found a white marble altar of Elyvilon.
  2112 | D:5      | Found a stormy altar of Qazlal.
  2148 | D:5      | Reached XP level 6. HP: 8/48 MP: 6/6
  2150 | D:5      | HP: 1/48 [orc/+0 trident (8)]
  2153 | D:5      | Slain by an orc

Vault maps used:
D:1:      wander_arrival_peaceful_grave
D:2:      first_ration
D:4:      serial_shops, shop, gammafunk_ghost_mausoleum
D:5:      kennysheep_little_box, elyvilon_altar_3, cheibrodos_sewer_entry_bend,
          uniq_eustachio, uniq_ijyb

Skill      XL: |  1  2  3  4  5 |
---------------+----------------+-----
Shields        | 4 5 |  5.5
Axes           | 3 4 |  4.2
Fighting       | 4 |  4.1
Armour         | |  3.2

Action                   |  1- 3 |  4- 6 || total
-------------------------+-------+-------++-------
Melee: War axe           |    94 |   173 ||   267
 Abil: Dig               |       |     1 ||     1
  Use: Scroll            |       |     3 ||     3
       Potion            |       |     4 ||     4
  Eat: Chunk             |       |     4 ||     4
Armor: Scale mail        |    29 |    66 ||    95
Dodge: Dodged            |    30 |    63 ||    93
Block: Shield            |    47 |   105 ||   152

Table legend:
 A = Non-vault XP
 B = Vault XP
 C = Vault XP percentage of total XP
 D = Non-vault monster count
 E = Vault monster count
 F = Vault count percentage of total count
                 A         B        C        D         E       F
            +---------+---------+-------+---------+---------+-------
      Total |     310 |       0 |   0.0 |      83 |       0 |   0.0
            +---------+---------+-------+---------+---------+-------
        D:1 |      37 |       0 |   0.0 |      21 |       0 |   0.0
        D:2 |      92 |       0 |   0.0 |      32 |       0 |   0.0
        D:3 |      74 |       0 |   0.0 |      20 |       0 |   0.0
        D:4 |      25 |       0 |   0.0 |       6 |       0 |   0.0
        D:5 |      82 |       0 |   0.0 |       4 |       0 |   0.0
            +---------+---------+-------+---------+---------+-------
